 Dungeon Crawl Stone Soup version 0.28-a0-233-gb8ca4b6547 (webtiles) character file.

Game seed: 17818756912597363658

887 frimble the Sneak (level 8, -12/63 HPs)
             Began as a Gnoll Wanderer on Aug 23, 2021.
             Killed from afar by Maggie (23 damage)
             ... with a bolt of fire
             ... on level 5 of the Dungeon.
             The game lasted 00:08:19 (6891 turns).

frimble the Sneak (Gnoll Wanderer)                  Turns: 6891, Time: 00:08:20

Health: -12/63     AC:  7    Str: 11    XL:     8   Next: 5%
Magic:  12/12      EV: 12    Int: 13    God:
Gold:   55         SH: 10    Dex: 13    Spells: 12/12 levels left

rFire   . . .      SeeInvis .   x - +0 rapier (speed)
rCold   . . .      Faith    .   d - +0 buckler
rNeg    . . .      Spirit   .   k - +0 leather armour
rPois   .          Reflect  +   j - +1 helmet
rElec   .          Harm     .   (no cloak)
rCorr   .          Rampage  .   (no gloves)
Will    .....                   o - +1 pair of boots
Stlth   +++.......              l - amulet of reflection
HPRegen 0.20/turn               (no ring)
MPRegen 0.13/turn               (no ring)

@: about to teleport, studying Unarmed Combat
A: fangs 1, strong nose, distributed training
a: no special abilities


You were on level 5 of the Dungeon.
You visited 1 branch of the dungeon, and saw 6 of its levels.

You collected 286 gold pieces.
You spent 231 gold pieces at shops.

Inventory:

Hand Weapons
 x - a +0 rapier of speed (weapon)
Armour
 d - a +0 buckler (worn)
 j - a +1 helmet (worn)
 k - a +0 leather armour (worn)
 o - a +1 pair of boots (worn)
Jewellery
 l - an amulet of reflection (around neck)
 t - a ring of ice
Wands
 v - a wand of flame (8)
Scrolls
 b - a scroll of blinking
 c - a scroll of teleportation
 e - 3 scrolls of silence
 f - a scroll of enchant weapon {unknown}
 m - 2 scrolls of identify
 n - a scroll of immolation {unknown}
Potions
 a - a potion of degeneration {unknown}
 g - a potion of curing
 h - a potion of flight
 i - a potion of attraction
 p - a potion of ambrosia
 r - a potion of brilliance
 s - a potion of might {unknown}
 u - 2 potions of mutation {unknown}
 w - a potion of magic {unknown}


   Skills:
 + Level 5.4 Fighting
 + Level 2.9 Short Blades
 + Level 2.9 Long Blades
 + Level 2.9 Axes
 + Level 2.9 Maces & Flails
 + Level 2.9 Polearms
 + Level 2.9 Staves
 + Level 2.9 Slings
 + Level 2.9 Bows
 + Level 2.9 Crossbows
 + Level 2.9 Throwing
 + Level 2.9 Armour
 + Level 3.9 Dodging
 + Level 6.7 Stealth
 + Level 5.4 Shields
 + Level 5.8 Unarmed Combat
 + Level 2.9 Spellcasting
 + Level 2.3 Conjurations
 + Level 2.3 Hexes
 + Level 2.3 Summonings
 + Level 2.3 Necromancy
 + Level 2.3 Translocations
 + Level 2.3 Transmutations
 + Level 2.3 Fire Magic
 + Level 2.3 Ice Magic
 + Level 2.3 Air Magic
 + Level 2.3 Earth Magic
 + Level 2.3 Poison Magic
 + Level 3.2 Invocations
 + Level 2.9 Evocations


You had 12 spell levels left.
You didn't know any spells.
Your spell library contained the following spells:

 Spells                   Type           Power      Damage    Failure   Level
 Hailstorm                Conj/Ice       8%         3d4       73%         4
 Ice Form                 Ice/Tmut       8%         N/A       73%         4
 Simulacrum               Ice/Necr       4%         N/A       100%        6


Dungeon Overview and Level Annotations

Branches:
Dungeon (6/15)
 Temple: D:4-7

Altars:
Gozag
Nemelex Xobeh
Ru
Trog

Shops:
D:4 !

Annotations:
D:2 exclusion: orc wizard
D:5 Maggie
D:6 Menkaure


Innate Abilities, Weirdness & Mutations

You have very sharp teeth.
Your uncanny sense of smell can sniff out nearby items.
Your experience applies equally to all skills.


Message History

Maggie the Vainglorious comes into view.
She is wielding a +2 war axe of electrocution and carrying a wand of mindburst (15).
You hit Menkaure.
Menkaure is lightly damaged.
Menkaure misses you.
You puncture Menkaure!
Menkaure is moderately damaged.
You barely miss Menkaure.
Menkaure is moderately damaged.
Menkaure murmurs, "It doesn't hurt if you pull your brain out of your nose yourself."
You block Menkaure's attack.
You hit Menkaure.
Menkaure is moderately damaged.
Menkaure hits you!
You completely miss Menkaure.
Menkaure is moderately damaged.
Maggie zaps a wand.
Your mind is blasted!
You are too injured to fight recklessly!
You are too injured to fight recklessly!
You are too injured to fight recklessly!
You are too injured to fight recklessly!
You are too injured to fight recklessly!
You are too injured to fight recklessly!
The scorpion closely misses you. You block Maggie's attack.
Menkaure calls on the powers of darkness!
Your body is wracked with pain!
The scorpion convulses!
There is a stone staircase leading up here.
The scorpion misses you. You block Maggie's attack.
Menkaure casts a spell at you. Pain shoots through your body!
* * * LOW HITPOINT WARNING * * *
You climb upwards.
There is a stone staircase leading down here.
Okay, then.
As you read the scroll of teleportation, it crumbles to dust.
You feel strangely unstable.
The scorpion stings you but does no damage.
Maggie says, "If you die in the Dungeon, but nobody's around to see it, does it really matter?"
Maggie gestures at you while chanting. The bolt of fire hits you!!
You die...

#####......######......####
#####............### #
#.........##..#
##........####.#
#####.........####.###
#####...>................#
#...#....#........###.##.#
#...........s.....# #.......
#........#.@@.....#######..#
#...#...)#######....# #..
#####........###....##### #.
#..>.###..####......# #.
#.)..####....###.##.###.
#.....# ####............
#####.# #######...... #.#
.......#.### #.####
########.###


You could see Maggie and a scorpion.

Vanquished Creatures
  2 vampire mosquitoes (D:5)
  Blork the orc (D:4)
  A scorpion (D:5)
  3 hounds (D:5)
  2 orc priests
  A gnoll shaman (D:2)
  2 iguanas
  An orc wizard (D:2)
  4 gnolls
  5 adders
  3 adder skeletons
  7 worms
  4 dart slugs
  15 orcs
  9 ball pythons
  6 bats
  8 endoplasms
  2 giant cockroaches
  5 goblins
  7 hobgoblins
  3 jackals (D:4)
  2 quokkas
  5 kobolds
  4 rats
102 creatures vanquished.

Vanquished Creatures (collateral kills)
  2 orc priests (D:4)
  An orc (D:4)
3 creatures vanquished.

Grand Total: 105 creatures vanquished

Notes
Turn   | Place    | Note
-------+----------+-------------------------------------------
     0 | D:1      | frimble the Gnoll Wanderer began the quest for the Orb.
     0 | D:1      | frimble set off with the following items: a +0 dagger, a
                  | scroll of blinking, a scroll of teleportation, a +0
                  | buckler, a +0 robe, a potion of heal wounds
     0 | D:1      | Reached XP level 1. HP: 20/20 MP: 1/1
   125 | D:1      | Reached XP level 2. HP: 26/26 MP: 2/2
   551 | D:1      | Found a faded altar of an unknown god.
   793 | D:1      | Reached XP level 3. HP: 29/31 MP: 3/3
   980 | D:1      | Reached skill level 6 in Stealth
  1416 | D:2      | Reached skill level 1 in Invocations
  1483 | D:2      | Reached skill level 1 in Short Blades
  1483 | D:2      | Reached skill level 1 in Long Blades
  1483 | D:2      | Reached skill level 1 in Axes
  1483 | D:2      | Reached skill level 1 in Maces & Flails
  1483 | D:2      | Reached skill level 1 in Polearms
  1483 | D:2      | Reached skill level 1 in Staves
  1483 | D:2      | Reached skill level 1 in Slings
  1483 | D:2      | Reached skill level 1 in Bows
  1483 | D:2      | Reached skill level 1 in Crossbows
  1483 | D:2      | Reached skill level 1 in Throwing
  1483 | D:2      | Reached skill level 1 in Armour
  1483 | D:2      | Reached skill level 1 in Spellcasting
  1483 | D:2      | Reached skill level 1 in Evocations
  1654 | D:2      | Reached XP level 4. HP: 38/38 MP: 5/5
  1679 | D:2      | Reached skill level 1 in Conjurations
  1679 | D:2      | Reached skill level 1 in Hexes
  1679 | D:2      | Reached skill level 1 in Summonings
  1679 | D:2      | Reached skill level 1 in Necromancy
  1679 | D:2      | Reached skill level 1 in Translocations
  1679 | D:2      | Reached skill level 1 in Transmutations
  1679 | D:2      | Reached skill level 1 in Fire Magic
  1679 | D:2      | Reached skill level 1 in Ice Magic
  1679 | D:2      | Reached skill level 1 in Air Magic
  1679 | D:2      | Reached skill level 1 in Earth Magic
  1679 | D:2      | Reached skill level 1 in Poison Magic
  1698 | D:2      | Reached XP level 5. HP: 19/43 MP: 6/6
  3389 | D:3      | Found an opulent altar of Gozag.
  3424 | D:3      | Found a bloodstained altar of Trog.
  3444 | D:3      | Found a sacrificial altar of Ru.
  4003 | D:4      | Found Reogiwue's Distillery.
  4053 | D:4      | Bought a potion of curing for 33 gold pieces
  4053 | D:4      | Bought a potion of attraction for 33 gold pieces
  4053 | D:4      | Bought a potion of ambrosia for 88 gold pieces
  4053 | D:4      | Bought a potion of lignification for 33 gold pieces
  4058 | D:4      | Bought a potion of brilliance for 44 gold pieces
  4301 | D:4      | Reached XP level 6. HP: 23/50 MP: 8/8
  4500 | D:4      | Noticed Blork the orc
  4526 | D:4      | Killed Blork the orc
  4527 | D:4      | Reached skill level 5 in Fighting
  4527 | D:4      | Reached skill level 5 in Shields
  4527 | D:4      | Reached skill level 5 in Unarmed Combat
  4831 | D:2      | HP: 2/51 [gnoll shaman (7)]
  5583 | D:4      | Reached XP level 7. HP: 56/56 MP: 10/10
  6072 | D:4      | Identified the +3 quarterstaff "Zeher" {distort, +Rage Fly
                  | Stlth+}
  6096 | D:5      | Entered Level 5 of the Dungeon
  6162 | D:5      | Noticed a vampire mosquito
  6162 | D:5      | Noticed a vampire mosquito
  6162 | D:5      | Noticed a vampire mosquito
  6189 | D:5      | Killed a vampire mosquito
  6559 | D:5      | Found a sparkling altar of Nemelex Xobeh.
  6627 | D:5      | Killed a vampire mosquito
  6628 | D:5      | Reached XP level 8. HP: 24/63 MP: 12/12
  6881 | D:6      | Noticed Menkaure
  6882 | D:6      | Noticed Maggie
  6891 | D:5      | Killed from afar by Maggie

Illustrated notes

Levels and vault maps discovered:
D:1:      onia_arrival_mini_spirals, layout_loops_ring,
          chequers_ecumenical_altar_simple, serial_bayou_pond_d
D:2:      cheibrodos_pilgrimage, layout_rooms, grunt_ministairs_9,
          minmay_liquid_box
D:3:      layout_loops_cross, nicolae_ru_path_of_blood,
          mainiacjoe_overflow_six_doors_small, mainiacjoe_overflow_paths,
          fountainhead, minmay_misc_feat_five
D:4:      layout_gridville, serial_shops, shop_coins, minmay_manual_monstrance,
          uniq_blork_the_orc
D:5:      layout_rooms, nemelex_diamond_rough_becter
D:6:      layout_loops_ring, mainiacjoe_overflow_surrounded_room,
          vehumet_statue, minmay_temple_entry_sparse_star,
          chequers_serial_rivers_small_3, grunt_decor_cap,
          uniq_crazy_yiuf_cottage, uniq_maggie, uniq_menkaure

Skill      XL: |  1  2  3  4  5  6  7 |
---------------+----------------------+-----
Stealth        | 6 |  6.7
Invocations    | 1 2 3 |  3.2
Short Blades   | 1 2 |  2.9
Long Blades    | 1 2 |  2.9
Axes           | 1 2 |  2.9
Maces & Flails | 1 2 |  2.9
Polearms       | 1 2 |  2.9
Staves         | 1 2 |  2.9
Slings         | 1 2 |  2.9
Bows           | 1 2 |  2.9
Crossbows      | 1 2 |  2.9
Throwing       | 1 2 |  2.9
Armour         | 1 2 |  2.9
Spellcasting   | 1 2 |  2.9
Evocations     | 1 2 |  2.9
Conjurations   | 1 2 |  2.3
Hexes          | 1 2 |  2.3
Summonings     | 1 2 |  2.3
Necromancy     | 1 2 |  2.3
Translocations | 1 2 |  2.3
Transmutations | 1 2 |  2.3
Fire Magic     | 1 2 |  2.3
Ice Magic      | 1 2 |  2.3
Air Magic      | 1 2 |  2.3
Earth Magic    | 1 2 |  2.3
Poison Magic   | 1 2 |  2.3
Dodging        | 3 |  3.9
Fighting       | 5 |  5.4
Shields        | 5 |  5.4
Unarmed Combat | 5 |  5.8

Action                   |  1- 3 |  4- 6 |  7- 9 || total
-------------------------+-------+-------+-------++-------
Melee: Unarmed           |    95 |   216 |       ||   311
       Bite              |    11 |    32 |     7 ||    50
       Dagger            |       |   133 |    35 ||   168
       Rapier            |       |       |    89 ||    89
Evoke: Wand              |       |     4 |     5 ||     9
  Use: Scroll            |       |     5 |     2 ||     7
       Potion            |       |     1 |     1 ||     2
 Stab: Sleeping          |    11 |     8 |     7 ||    26
       Distracted        |     1 |       |       ||     1
Armor: Robe              |     9 |       |       ||     9
       Leather armour    |     4 |    58 |    18 ||    80
       Skin              |       |       |     5 ||     5
Dodge: Dodged            |    33 |   117 |    44 ||   194
Block: Buckler           |    14 |    75 |    40 ||   129
       Reflection        |       |     2 |     2 ||     4

Table legend: (Time is in decaauts)
 A = Elapsed time spent in this place.
 B = Non-inter-level travel time spent in this place.
 C = Inter-level travel time spent in this place.
 D = Time resting spent in this place.
 E = Time spent auto-exploring this place.
 F = Levels seen in this place.
 G = Mean time per level.
                   A        B        C        D        E       F      G
               +--------+--------+--------+--------+--------+-----+--------+
         Total |   6785 |   6491 |    294 |    547 |   4798 |   6 | 1130.8 |
       Dungeon |   6785 |   6491 |    294 |    547 |   4798 |   6 | 1130.8 |
               +--------+--------+--------+--------+--------+-----+--------+

Top non-repeatable levels by time:
     D:2: 1733 daAuts
     D:3: 1605 daAuts
     D:4: 1372 daAuts
     D:1: 1302 daAuts
     D:5: 762 daAuts
     D:6: 7 daAuts
